 Dungeon Crawl Stone Soup version 0.30-a0-591-g3c58d2bc28 (webtiles) character file.

Game seed: 54562019917650055

56 Juicyj the Shield-Bearer (level 3, -3/33 HPs)
             Began as a Minotaur Fighter on Jan 4, 2023.
             Killed from afar by Sigmund (9 damage)
             ... with a puff of flame
             ... on level 2 of the Dungeon.
             The game lasted 00:00:50 (831 turns).

Juicyj the Shield-Bearer (Minotaur Fighter)          Turns: 831, Time: 00:00:51

Health: -3/33      AC:  7    Str: 20    XL:     3   Next: 69%
Magic:  0/2        EV:  9    Int:  5    God:
Gold:   54         SH:  4    Dex: 11    Spells: 2/2 levels left

rFire   . . .      SeeInvis .    a - +0 trident
rCold   . . .      Faith    .    c - +0 buckler
rNeg    . . .      Spirit   .    b - +0 scale mail
rPois   .          Reflect  .    (helmet restricted)
rElec   .          Harm     .    (no cloak)
rCorr   .          Rampage  .    (no gloves)
Will    .....                    (no boots) Stlth
                                 (no amulet)
HPRegen 0.25/turn                (no ring)
MPRegen 0.08/turn                (no ring)

@: no status effects
A: horns 2, retaliatory headbutt
a: no special abilities


You were on level 2 of the Dungeon.
You visited 1 branch of the dungeon, and saw 2 of its levels.

You collected 54 gold pieces.

Inventory:

Hand Weapons
 a - a +0 trident (weapon)
Armour
 b - a +0 scale mail (worn)
 c - a +0 buckler (worn)
Scrolls
 g - a scroll of vulnerability {unknown}
 h - a scroll of summoning {unknown}
 i - a scroll of identify {unknown}
Potions
 d - a potion of might
 e - a potion of magic {unknown}
 f - a potion of curing {unknown}


   Skills:
 + Level 4.2 Fighting
 + Level 3.2 Polearms
 + Level 4.2 Armour
 + Level 4.2 Shields


You had 2 spell levels left.
You didn't know any spells.
Your spell library contained the following spells:

 Spells                   Type           Power      Damage    Failure   Level
 Sandblast                Erth           0%         2d4       88%         1
 Passwall                 Tmut/Erth      0%         N/A       96%         2
 Stone Arrow              Conj/Erth      0%         3d7       99%         3


Dungeon Overview and Level Annotations

Branches:
Dungeon (2/15)

Altars:

Annotations:
D:2 Sigmund


Innate Abilities, Weirdness & Mutations

You have a pair of horns on your head.
You reflexively headbutt those who attack you in melee.


Message History

You reach to attack!
You barely miss Sigmund.
Sigmund is heavily wounded.
Sigmund hits you but does no damage.
You reach to attack!
You hit Sigmund.
Sigmund is heavily wounded.
Sigmund hits you from afar with a +1 antimagic scythe.
You feel your power leaking away.
You reach to attack!
You barely miss Sigmund.
Sigmund is heavily wounded.
Sigmund hits you from afar with a +1 antimagic scythe.
You reach to attack!
You puncture Sigmund!
Sigmund is almost dead.
You reach to attack!
You barely miss Sigmund.
Sigmund is almost dead.
Sigmund hits you from afar with a +1 antimagic scythe!
You reach to attack!
You barely miss Sigmund.
Sigmund is almost dead.
Sigmund closely misses you.
You reach to attack!
You closely miss Sigmund.
Sigmund is almost dead.
Sigmund points at you and mumbles some strange words.
The puff of flame hits you.
You are too injured to fight recklessly!
You are too injured to fight recklessly!
You are too injured to fight recklessly!
You are too injured to fight recklessly!
Found a plate armour.
A giant cockroach comes into view.
Sigmund gestures at you while chanting. The magic dart hits you.
You barely miss Sigmund.
Sigmund is almost dead.
Sigmund casts a spell at you. The magic dart hits you!
* * * LOW HITPOINT WARNING * * *
You barely miss Sigmund.
Sigmund is almost dead.
Sigmund casts a spell at you. The puff of flame hits you!
You die...

#.........##.##.#.# #.#
........>.........# #.#
####..#...#.###(######.#
#......#..##.#......#
##.##..##.#<.#.######
#.#......#....#
#.#...####.######
#.#...# #.......####
#.#...# #...@@......
#.....# #.......####
####..# #.......# ...#
#.......# #... #.......#
#.......# ........#
...[######


You could see Sigmund.

Vanquished Creatures
  Natasha (D:2)
  A dart slug (D:2)
  6 bats (D:1)
  An endoplasm (D:1)
  5 goblins
  2 hobgoblins (D:1)
  2 quokkas (D:1)
  4 ball pythons (D:1)
  4 frilled lizards (D:1)
  2 kobolds (D:1)
  A rat (D:1)
29 creatures vanquished.

Notes
Turn   | Place    | Note
-------+----------+-------------------------------------------
     0 | D:1      | Juicyj the Minotaur Fighter began the quest for the Orb.
     0 | D:1      | Reached XP level 1. HP: 19/19 MP: 0/0
    10 | D:1      | You fall into a shaft and drop 1 floor!
   252 | D:1      | Reached XP level 2. HP: 27/27 MP: 1/1
   768 | D:2      | Noticed Natasha
   773 | D:2      | Killed Natasha
   774 | D:2      | Reached XP level 3. HP: 31/33 MP: 2/2
   808 | D:2      | Noticed Sigmund
   831 | D:2      | Killed from afar by Sigmund

Illustrated notes

Levels and vault maps discovered:
D:1:      mrwooster_arrival_statue, layout_basic
D:2:      layout_basic, basic_altar, uniq_sigmund, uniq_terence, uniq_natasha

Skill      XL: |  1  2 |
---------------+-------+-----
Armour         | 4 |  4.2
Fighting       | 4 |  4.2
Shields        | 4 |  4.2
Polearms       | 3 |  3.2

Action                   || total
-------------------------++-------
Melee: Trident           ||    85
       Headbutt          ||     4
Armor: Scale mail        ||    33
Dodge: Dodged            ||    24
Block: Buckler           ||    15

Table legend: (Time is in decaauts)
 A = Elapsed time spent in this place.
 B = Non-inter-level travel time spent in this place.
 C = Inter-level travel time spent in this place.
 D = Time resting spent in this place.
 E = Time spent auto-exploring this place.
 F = Levels seen in this place.
 G = Mean time per level.
                   A        B        C        D        E       F      G
               +--------+--------+--------+--------+--------+-----+--------+
         Total |    853 |    815 |     38 |      0 |    634 |   2 |  426.5 |
       Dungeon |    853 |    815 |     38 |      0 |    634 |   2 |  426.5 |
               +--------+--------+--------+--------+--------+-----+--------+

Top non-repeatable levels by time:
     D:1: 709 daAuts
     D:2: 144 daAuts
